 Dungeon Crawl Stone Soup version 0.20-a0-493-g19c8d8d (webtiles) character file.

61333 Faca the Severer (level 14, -8/148 HPs)
             Began as a Minotaur Berserker on Jan 15, 2017.
             Was the Champion of Trog.
             Mangled by a sun demon (11 damage)
             ... summoned by an orc high priest
             ... while paralysed by an orc sorcerer
             ... on level 2 of the Orcish Mines on Jan 16, 2017.
             The game lasted 01:07:20 (22189 turns).

Faca the Severer (Minotaur Berserker)              Turns: 22189, Time: 01:07:21

Health: -8/148     AC: 21    Str: 28    XL:     14   Next: 60%
Magic:  13/13      EV:  2    Int:  4    God:    Trog [******]
Gold:   2160       SH:  0    Dex: 16    Spells: 13/13 levels left

rFire    + . .     SeeInvis .   K - +4 executioner's axe (chop)
rCold    + . .     Gourm    .   m - +2 plate armour {rC+}
rNeg     . . .     Faith    .   (shield currently unavailable)
rPois    .         Spirit   .   (helmet restricted)
rElec    .         Reflect  .   O - +0 cloak {rF+}
rCorr    .         Harm     .   (no gloves)
MR       +....     Rnd*Rage +   k - +0 pair of boots
Stlth    ..........             (no amulet)
Regen    0.4/turn               w - +3 ring of dexterity
                                J - +4 ring of strength (curse)

@: paralysed, heavily drained
A: retaliatory headbutt, horns 2, berserk 1, robust 1
a: Berserk, Trog's Hand, Brothers in Arms, Burn Spellbooks, Renounce Religion


You were on level 2 of the Orcish Mines.
You worshipped Trog.
Trog was exalted by your worship.
You were not hungry.

You visited 3 branches of the dungeon, and saw 20 of its levels.
You also visited: Ice Cave and Volcano.

You collected 2228 gold pieces.
You spent 68 gold pieces at shops.

Inventory:

Hand Weapons
 v - a +0 shortbow of freezing
 D - a +2 war axe of flaming
 K - a +4 executioner's axe of chopping (weapon)
Missiles
 e - 393 arrows
Armour
 k - a +0 pair of boots (worn)
 m - a +2 plate armour of cold resistance (worn)
 O - a +0 cloak of fire resistance (worn)
Jewellery
 t - an uncursed ring of positive energy
 w - a +3 ring of dexterity (right hand)
 G - an uncursed ring of poison resistance
 J - a cursed +4 ring of strength (left hand)
Wands
 h - a wand of scattershot (9/9)
 p - a wand of lightning (11/15)
 H - a wand of digging (10/24)
 I - a wand of iceblast (7/15)
Scrolls
 g - 6 scrolls of fear
 o - 4 scrolls of blinking
 y - 4 scrolls of teleportation
 B - a scroll of enchant armour
 F - a scroll of fog
 L - 5 scrolls of identify
 M - a scroll of enchant weapon
 P - a scroll of remove curse
Potions
 b - 3 potions of ambrosia
 d - 2 potions of might
 f - 4 potions of flight
 i - 10 potions of curing
 j - 8 potions of berserk rage
 n - 7 potions of heal wounds
 q - a potion of magic
 r - 5 potions of brilliance
 s - 3 potions of lignification
 u - 4 potions of cancellation
 C - a potion of resistance
 N - 2 potions of agility
Comestibles
 c - 8 bread rations
 l - 9 meat rations
 x - 2 slices of pizza
 z - a beef jerky


   Skills:
 + Level 15.3(13.3) Fighting
 + Level 16.2(14.2) Axes
 + Level 14.8(12.8) Armour
 + Level 13.4(11.6) Dodging
 - Level 1.0(0.0) Stealth


You had 13 spell levels left.
You didn't know any spells.

Dungeon Overview and Level Annotations

Branches:
Dungeon (12/15)            Temple (0/1) D:7            Lair (6/6) D:9
  Swamp (0/4) Lair:3        Snake (0/4) Lair:2        Slime (0/5) Lair:6
    Orc (2/2) D:9             Elf (0/3) Orc:2

Altars:
Ashenzari
Cheibriados
Dithmenos
Fedhas
Gozag
Hepliaklqana
Kikubaaqudgha
Okawaru
Qazlal
Ru
Sif Muna
Uskayaw
The Shining One
Beogh

Shops:
D:4 ***

Annotations:
Lair:6 exclusion: 2 oklob plants


Innate Abilities, Weirdness & Mutations

You reflexively headbutt those who attack you in melee.
You have a pair of horns on your head.
You tend to lose your temper in combat.
You are robust. (+10% HP)


Message History

You feel drained.
* * * LOW HITPOINT WARNING * * *
The orange demon stings you but does no damage.
The orc high priest mumbles some strange prayers to Beogh against you.
You resist with significant effort.
The sun demon hits you but does no damage.
The orc sorcerer hits you but does no damage.
The soul eater hits you but does no damage.
The sun demon hits you.
* * * LOW HITPOINT WARNING * * *
You are engulfed in flames.
You resist.
* * * LOW HITPOINT WARNING * * *
The orange demon stings you but does no damage.
The orc high priest prays to Beogh.
The orc high priest is healed somewhat.
The orc sorcerer hits you but does no damage.
The soul eater hits you.
* * * LOW HITPOINT WARNING * * *
The sun demon hits you!
You die...

.#.##.........## #.......
###.#)))......# ....#.......
##..)#).....).# ....#.......
....#(...)[...# .....#.......
##...#.##.....## ....รท#.......
###.#######....# o....##.......
### ##..)## #....##........ ###
###..))##.....#.........
##.####.##..3@o...###.........
#....##..##..3o..##.#.....)...
##........##.4.###............
##..........#####......##))....
#............#.....#....)))....
##.#........###.....)#.....#...
####.#......##...........#....
##.##.#................##.#.
#........................###


You could see a soul eater, an orc high priest, a sun demon, an orange demon and
an orc sorcerer.

Vanquished Creatures
  Rupert (Orc:1)
  Josephine (D:11)
  Erolcha (D:9)
  An ogre mage (D:9)
  A hydra (D:12)
  The ghost of dialectric the Carver, a journeyman VSFi of Trog (Orc:2)
  A death yak (Lair:6)
  3 two-headed ogres
  A centaur warrior (D:12)
  The ghost of Kurtz the Grappler, a journeyman VSCK of Xom (D:11)
  2 unseen horrors
  3 orc knights (Orc:2)
  Pikel (D:4)
  2 wolf spiders (Lair:6)
  3 ugly things
  An orc sorcerer (Orc:2)
  The ghost of ErgoProxy the Geomancer, a novice FoEE (D:5)
  A cyclops (D:11)
  2 manticores
  An elephant (Lair:6)
  Maurice (D:10)
  10 black mambas
  A centaur zombie (D:12)
  A guardian serpent (Lair:6)
  The ghost of tomster10010 the Carver, a novice MiFi of Okawaru (D:6)
  2 ice statues (IceCv)
  A torpor snail (Lair:6)
  A molten gargoyle (Volcano)
  17 spiny frogs
  3 gargoyles
  A rime drake (Lair:2)
  8 komodo dragons
  The ghost of Anna the Sneak, an amateur DDMo (D:4)
  A polar bear (Lair:6)
  A troll (Orc:1)
  2 hornets (Lair:6)
  8 blink frogs
  8 hippogriffs
  4 dream sheep (Lair:6)
  Sigmund (D:2)
  A spriggan (D:8)
  6 wraiths
  14 wyverns
  4 basilisks
  A fire elemental (Volcano)
  39 yaks
  A hungry ghost (D:8)
  15 two-headed ogre zombies (D:9)
  3 swamp worms (Lair:3)
  7 wargs
  21 water moccasins
  6 porcupines
  18 orc warriors
  2 black bears
  8 ice beasts
  14 ogres
  A phantom (D:10)
  9 wolves
  10 crocodiles
  7 centaurs
  5 big kobolds
  8 bullfrogs
  A wyvern zombie (D:12)
  4 scorpions
  6 killer bees
  2 electric eels
  4 howler monkeys (D:11)
  2 crimson imps
  2 bullfrog zombies
  A quasit (D:9)
  8 hounds
  2 bullfrog skeletons
  2 centaur skeletons
  20 orc priests
  A gnoll shaman (D:8)
  6 iguanas
  Ijyb (D:3)
  20 orc wizards
  7 worker ants
  3 hound skeletons
  A howler monkey zombie (D:6)
  2 worker ant zombies
  5 gnolls (D:8)
  6 adders
  2 shadow imps (D:8)
  An ooze (D:6)
  3 adder zombies
  An adder skeleton (D:9)
  2 worms (D:3)
  2 dart slugs
  3 leopard geckos (D:6)
  76 orcs
  A ball python (D:1)
  3 giant cockroaches
  6 goblins
  13 hobgoblins
  5 jackals
  27 kobolds
  5 quokkas
  10 bats
  3 frilled lizards
  2 jackal skeletons (D:8)
  2 quokka skeletons
  12 rats
  6 fungi
  2 plants (Lair:6)
595 creatures vanquished.

Vanquished Creatures (collateral kills)
  2 orc high priests (Orc:2)
  Sonja (Lair:1)
  An orc knight (Orc:2)
  An orc sorcerer (Orc:2)
  3 orc warriors (Orc:2)
  A wolf (Lair:1)
  An orc priest (Orc:2)
  An orc wizard (Orc:2)
11 creatures vanquished.

Vanquished Creatures (others)
  A howler monkey (D:4)
  An ooze (D:4)
  4 fungi (Lair:6)
  3 plants
9 creatures vanquished.

Grand Total: 615 creatures vanquished

Notes
Turn   | Place    | Note
-------+----------+-------------------------------------------
     0 | D:1      | Faca the Minotaur Berserker began the quest for the Orb.
     0 | D:1      | Reached XP level 1. HP: 19/19 MP: 0/0
    61 | D:1      | Reached skill level 4 in Axes
   163 | D:1      | Reached XP level 2. HP: 21/27 MP: 1/1
   308 | D:1      | Reached ** piety under Trog
   339 | D:1      | Reached XP level 3. HP: 22/33 MP: 2/2
   502 | D:2      | Noticed Sigmund
   520 | D:2      | Killed Sigmund
   520 | D:2      | Reached skill level 6 in Axes
   520 | D:2      | Reached XP level 4. HP: 34/41 MP: 3/3
   520 | D:2      | Reached XP level 5. HP: 39/47 MP: 4/4
   575 | D:2      | Found a stormy altar of Qazlal.
   576 | D:2      | Noticed a fire elemental
   576 | D:2      | Noticed a water elemental
   576 | D:2      | Noticed an air elemental
  1183 | D:3      | Noticed Ijyb
  1188 | D:3      | Killed Ijyb
  1315 | D:3      | Found a shattered altar of Ashenzari.
  1388 | D:3      | Reached *** piety under Trog
  1388 | D:3      | Reached XP level 6. HP: 54/55 MP: 5/5
  1466 | D:3      | Reached skill level 7 in Axes
  1499 | D:3      | Reached skill level 5 in Fighting
  1865 | D:4      | Noticed a slave
  1866 | D:4      | Noticed a slave
  1866 | D:4      | Noticed a slave
  1867 | D:4      | Noticed Pikel
  1896 | D:4      | Noticed a slave
  1904 | D:4      | Killed Pikel
  1904 | D:4      | Reached skill level 8 in Axes
  1904 | D:4      | Reached XP level 7. HP: 39/62 MP: 6/6
  1991 | D:4      | Noticed Anna's ghost (amateur DDMo)
  2014 | D:4      | Killed Anna's ghost
  2014 | D:4      | Reached skill level 5 in Armour
  2014 | D:4      | Reached skill level 1 in Stealth
  2014 | D:4      | Reached XP level 8. HP: 26/70 MP: 7/7
  2496 | D:4      | Found Hozim's Assorted Antiques.
  2504 | D:4      | Bought a coppery potion for 19 gold pieces
  2504 | D:4      | Bought a fizzy grey potion for 19 gold pieces
  2566 | D:4      | Found Datadgh's Assorted Antiques.
  2585 | D:4      | Reached skill level 9 in Axes
  2632 | D:4      | Found Fedain's Assorted Antiques.
  2635 | D:4      | Bought a scroll labeled LUGROBL ZOXU for 30 gold pieces
  2778 | D:5      | Entered Level 5 of the Dungeon
  2855 | D:5      | Found an iron altar of Okawaru.
  2877 | D:5      | Noticed ErgoProxy's ghost (novice FoEE)
  2892 | D:5      | Killed ErgoProxy's ghost
  3116 | D:5      | Found an ancient bone altar of Kikubaaqudgha.
  3119 | D:5      | Found a deep blue altar of Sif Muna.
  3121 | D:5      | Found a snail-covered altar of Cheibriados.
  3122 | D:5      | Found a hide-covered altar of Uskayaw.
  3122 | D:5      | Found a shadowy altar of Dithmenos.
  3313 | D:5      | Reached skill level 5 in Dodging
  3623 | D:6      | Reached XP level 9. HP: 60/79 MP: 8/8
  3638 | D:6      | Found a blossoming altar of Fedhas.
  3692 | D:6      | Found a sacrificial altar of Ru.
  3862 | D:6      | Noticed tomster10010's ghost (novice MiFi)
  3873 | D:6      | Killed tomster10010's ghost
  3873 | D:6      | Reached skill level 10 in Axes
  4013 | D:6      | Found an opulent altar of Gozag.
  4107 | D:6      | Reached **** piety under Trog
  4268 | D:7      | Found a glowing golden altar of the Shining One.
  4360 | D:7      | Found a staircase to the Ecumenical Temple.
  5205 | D:8      | Noticed a two-headed ogre
  5212 | D:8      | Killed a two-headed ogre
  5222 | D:8      | Reached XP level 10. HP: 62/91 MP: 9/9
  5542 | D:8      | Reached skill level 11 in Axes
  5725 | D:9      | Noticed Erolcha
  5749 | D:9      | Killed Erolcha
  5829 | D:9      | Found a roughly hewn altar of Beogh.
  6224 | D:9      | Reached skill level 10 in Fighting
  6557 | D:9      | Found a staircase to the Orcish Mines.
  7075 | D:9      | Found a staircase to the Lair.
  7646 | D:9      | Noticed a two-headed ogre
  7655 | D:9      | Killed a two-headed ogre
  7655 | D:9      | Reached skill level 12 in Axes
  7655 | D:9      | Reached skill level 10 in Armour
  7655 | D:9      | Reached XP level 11. HP: 90/101 MP: 10/10
  8026 | D:9      | Noticed an ogre mage
  8081 | D:9      | Paralysed by an ogre mage for 7 turns
  8091 | D:9      | Killed an ogre mage
  8226 | D:9      | Reached ***** piety under Trog
  8480 | D:10     | Entered Level 10 of the Dungeon
  8539 | D:10     | Received a gift from Trog
  8843 | D:10     | Noticed Maurice
  8855 | D:10     | Killed Maurice
  9452 | D:10     | Noticed a two-headed ogre
  9467 | D:10     | Killed a two-headed ogre
 10035 | D:11     | Noticed Kurtz's ghost (journeyman VSCK)
 10042 | D:11     | Killed Kurtz's ghost
 10182 | D:11     | Noticed Josephine
 10195 | D:11     | Killed Josephine
 10195 | D:11     | Reached skill level 10 in Dodging
 10198 | D:11     | Reached skill level 13 in Axes
 10518 | D:11     | Reached XP level 12. HP: 112/112 MP: 11/11
 11222 | D:12     | Noticed a six-headed hydra
 11231 | D:12     | Killed a one-headed hydra
 11554 | D:12     | Found a frozen archway.
 11578 | IceCv    | Entered an ice cave
 12062 | D:12     | Reached skill level 14 in Axes
 12440 | D:12     | Received a gift from Trog
 12629 | D:12     | Noticed a centaur warrior
 12641 | D:12     | Killed a centaur warrior
 12974 | D:9      | Upgraded the game from 0.20-a0-492-g6327889 to 0.20-a0-493-g19c8d8d
 12975 | Lair:1   | Entered Level 1 of the Lair of Beasts
 12998 | Lair:1   | Reached XP level 13. HP: 105/122 MP: 12/12
 13047 | Lair:1   | Noticed Sonja
 13054 | Lair:1   | Paralysed by Sonja for 5 turns
 13808 | Lair:1   | Killed Sonja
 14673 | Lair:2   | Found a staircase to the Snake Pit.
 14802 | Lair:2   | Found a shattered altar of Ashenzari.
 15933 | Lair:3   | Found a staircase to the Swamp.
 16950 | Lair:5   | Reached skill level 15 in Axes
 17559 | Lair:6   | Entered Level 6 of the Lair of Beasts
 17822 | Lair:6   | Found a dark tunnel.
 17888 | Volcano  | Entered a volcano
 18575 | Lair:6   | Reached XP level 14. HP: 72/133 MP: 13/13
 18693 | Lair:6   | Received a gift from Trog
 18820 | Lair:6   | Found a staircase to the Slime Pits.
 18839 | Lair:6   | Found a hazy altar of Hepliaklqana.
 20445 | Orc:1    | Entered Level 1 of the Orcish Mines
 20755 | Orc:2    | Entered Level 2 of the Orcish Mines
 20765 | Orc:2    | Reached ****** piety under Trog
 20836 | Orc:2    | Found a roughly hewn altar of Beogh.
 20843 | Orc:2    | Noticed dialectric's ghost (journeyman VSFi)
 20863 | Orc:2    | Killed dialectric's ghost
 20863 | Orc:2    | Reached skill level 15 in Fighting
 21236 | Orc:2    | Found a staircase to the Elven Halls.
 21239 | Orc:2    | Received a gift from Trog
 21422 | Orc:2    | Noticed Rupert
 21441 | Orc:1    | Killed Rupert
 21441 | Orc:1    | Reached skill level 16 in Axes
 21787 | Orc:2    | Paralysed by an orc sorcerer for 6 turns
 21795 | Orc:2    | Gained mutation: You are robust. (+10% HP) [a neqoxec]
 21800 | Orc:2    | Gained mutation: You tend to lose your temper in combat. [a neqoxec]
 22185 | Orc:2    | Paralysed by an orc sorcerer for 5 turns
 22189 | Orc:2    | HP: 3/148 [soul eater[an orc high priest] (6)]
 22189 | Orc:2    | Mangled by a sun demon

Vault maps used:
D:1:      tarquinn_simple_flora_water_a
D:2:      nicolae_qazlal_style_of_elements, uniq_sigmund
D:3:      marbit_many_paths, hangedman_decor_growths, uniq_iyjb
D:4:      serial_shops, kennysheep_mini, shop, shop, uniq_pikel
D:5:      okawaru_metal_pillars_1_2, minitemple, serial_glass, glass_columns_b,
          glass_columns_a, first_bread, hex_medium
D:6:      old_standard_altar, kennysheep_mini_moat,
          fedhas_bush_and_centaur_altar
D:7:      nicolae_overflow_hidden_temple
D:8:      the_bakery, minivault_1
D:9:      lemuel_ogre_cave, erik_lair_orcish_takeover, david_orc_5, uniq_erolcha
D:10:     uniq_maurice
D:11:     uniq_josephine
D:12:     portal_ice_cave_entry_pillars_1
Lair:1:   st_stairs_5, bh_autumn_forest_stairs, uniq_sonja
Lair:2:   dummy_snake_entry, basic_altar, beast_lair_carwin_4
Lair:3:   nicolae_swamp_entry_splash_gauntlet, lemuel_fruit_fields
Lair:4:   lemuel_fruit_fields
Lair:5:   patterned_corridor, grunt_megastairs_5
Lair:6:   hangedman_lair_tendril_chambers, minmay_slime_entry_oklob_open,
          basic_altar, nicolae_volcano_entry_two_sided, hibernation_bobbens,
          serial_bayou_shore_a
Orc:2:    grunt_orc_tribal_feast, mines2_david, uniq_rupert
IceCv:    ice_cave_statue_garden_teleport
Volcano:  volcano_overflow

Skill      XL: |  1  2  3  4  5  6  7  8  9 10 11 12 13 14 |
---------------+-------------------------------------------+-----
Axes           | 4 6 8 9 10 12 13 14 15 16 | 16.2
Fighting       | 4 5 6 7 9 10 12 13 14 15 | 15.3
Armour         | 3 4 5 6 8 10 11 12 14 | 14.8
Dodging        | 3 5 6 8 10 11 12 13 | 13.4
Stealth        | 1 |  1.0

Action                   |  1- 3 |  4- 6 |  7- 9 | 10-12 | 13-15 || total
-------------------------+-------+-------+-------+-------+-------++-------
Melee: Hand axe          |    79 |    76 |       |       |       ||   155
       Headbutt          |     8 |    20 |    46 |   211 |   163 ||   448
       War axe           |       |     7 |   162 |   674 |   536 ||  1379
       Whip              |       |       |       |    37 |       ||    37
       Executioner's axe |       |       |       |       |    72 ||    72
Invok: Burn Spellbooks   |       |       |     1 |     3 |     3 ||     7
       Brothers in Arms  |       |       |       |       |     4 ||     4
  Use: Scroll            |     5 |     6 |    11 |     7 |     5 ||    34
       Potion            |       |       |     2 |     1 |       ||     3
  Eat: Meat ration       |       |     1 |     1 |       |       ||     2
       Bread ration      |       |       |     1 |     6 |     3 ||    10
       Chunk             |       |       |       |     3 |     1 ||     4
       Fruit             |       |       |       |       |    17 ||    17
Armor: Scale mail        |    45 |    31 |     1 |       |       ||    77
       Chain mail        |       |       |    50 |   111 |       ||   161
       Plate armour      |       |       |    27 |   265 |   241 ||   533
Dodge: Dodged            |    47 |    47 |    91 |   381 |   391 ||   957
Block: Buckler           |       |       |       |    19 |       ||    19
